 Dungeon Sprint DCSS version 0.26-a0-651-gb41185065b (webtiles) character file.

Game seed: 10290810279966884191

557717 Apogee the Hill Orc Catastrophe (level 23, -13/240 HPs)
             Began as a Hill Orc Fighter on Oct 8, 2020.
             Was an Elder of Qazlal.
             Mangled by Ereshkigal (17 damage)
             ... while paralysed
             ... in the Dungeon (Sprint IX: "|||||||||||||||||||||||||||||").
             The game lasted 00:36:05 (13526 turns).

Apogee the Hill Orc Catastrophe (Hill Orc Fighter) Turns: 13526, Time: 00:36:06

Health: -13/240    AC: 36    Str: 28    XL:     23   Next: 21%
Magic:  54/54      EV:  2    Int:  9    God:    Qazlal [****..]
Gold:   1537       SH:  0    Dex: 15    Spells: 76/76 levels left

rFire    + . .     SeeInvis +   I - +0 demon blade of Irritation {drain, rN++ Stlth-}
rCold    + . .     Faith    .   c - +0 kite shield
rNeg     + + +     Spirit   .   N - +0 gold dragon scales
rPois    +         Reflect  +   q - +2 hat {MR+}
rElec    .         Harm     .   F - +1 cloak
rCorr    .         Rampage  .   o - +0 pair of gloves
MR       +++..     NoTele   +   p - +0 pair of boots
Stlth    +.........             M - amulet of reflection
HPRegen  0.50/turn              S - ring "Vuqemowo" {*Slow rN+++ MR+ Dex+5 SInv}
MPRegen  0.34/turn              E - +2 ring of slaying

@: paralysed, mighty, berserk cooldown, hasted and slowed, silenced, repel
missiles
A: no striking features
}: 9/17 runes: decaying, serpentine, barnacled, slimy, elven, silver, golden,
abyssal, gossamer
a: Renounce Religion


You were in the Dungeon.
You worshipped Qazlal.
Qazlal was greatly pleased with you.
You visited 1 branch You collected 1977 gold pieces.
You spent 440 gold pieces at shops.

Inventory:

Hand Weapons
 I - the +0 demon blade of Irritation (weapon) {drain, rN++ Stlth-}
   (You bought it in a shop in the Dungeon)

   A truly terrible weapon, it drains the life of those it strikes.
   It greatly protects you from negative energy.
   It makes you less stealthy.
 V - the +6 sword of Cerebov {flame}
   (You took it off Cerebov in the Dungeon)

   It has been specially enchanted to burn those struck by it, causing extra
   injury to most foes and up to half again as much damage against particularly
   susceptible opponents.
   Big, fiery blades are also staple armaments of hydra-hunters.
Missiles
 C - 3 throwing nets (quivered) {!f}
Armour
 c - a +0 kite shield (worn)
 o - a +0 pair of gloves (worn)
   (You found it in the Dungeon)
 p - a +0 pair of boots (worn)
   (You found it in the Dungeon)
 q - a +2 hat of magic resistance (worn)
   (You took it off Gastronok in the Dungeon)
 z - a +2 buckler of reflection
   (You took it off a tengu reaver in the Dungeon)
 F - a +1 cloak (worn)
   (You found it in the Dungeon)
 N - +0 gold dragon scales (worn)
   (You found it in the Dungeon)
 O - a +2 buckler
   (You took it off a deep elf knight in the Dungeon)
Jewellery
 r - a +3 ring of strength
   (You found it in the Dungeon)
 s - a +3 ring of intelligence
   (You found it in the Dungeon)
 v - an uncursed amulet of guardian spirit
   (You found it in the Dungeon)
 B - a +4 ring of evasion
   (You found it in the Dungeon)
 D - an uncursed ring of poison resistance
   (You found it in the Dungeon)
 E - a +2 ring of slaying (right hand)
   (You found it in the Dungeon)
 G - a +4 ring of protection
   (You found it in the Dungeon)
 M - an amulet of reflection (around neck)
   (You found it in the Dungeon)
 Q - the ring of the Suburbs {rPois MR+}
   (You found it in the Dungeon)

   [ring of protection from magic]

   It protects you from poison.
   It affects your resistance to hostile enchantments.
 R - the ring "Cezi" {rElec rF+ Str-5 Int+3 Slay+2}
   (You found it in the Dungeon)

   [ring of intelligence]

   It affects your strength (-5).
   It affects your intelligence (+3).
   It affects your accuracy and damage with ranged weapons and melee attacks
   (+2).
   It protects you from fire.
   It insulates you from electricity.
 S - the ring "Vuqemowo" (left hand) {*Slow rN+++ MR+ Dex+5 SInv}
   (You found it in the Dungeon)

   [ring of protection from magic]

   It affects your dexterity (+5).
   It renders you almost immune to negative energy.
   It affects your resistance to hostile enchantments.
   It lets you see invisible.
   It may slow you when you take damage.
 T - the ring of Lust {+Inv Str-4 Dex+8 Slay-3 Stlth-}
   (You found it in the Dungeon)

   [ring of strength]

   It affects your strength (-4).
   It affects your dexterity (+8).
   It affects your accuracy and damage with ranged weapons and melee attacks
   (-3).
   It lets you turn invisible.
   It makes you less stealthy.
 U - the amulet "Kiut" {Faith +Inv rElec rF- Dex+5}
   (You found it in the Dungeon)

   [amulet of faith]

   It allows you to gain divine favour quickly.
   It affects your dexterity (+5).
   It makes you vulnerable to fire.
   It insulates you from electricity.
   It lets you turn invisible.
Scrolls
 a - a scroll of fog
 j - 3 scrolls of blinking
 l - 7 scrolls of remove curse {@r2}
 m - 2 scrolls of amnesia
 n - a scroll of identify {@r1}
 x - 5 scrolls of enchant armour
 y - 5 scrolls of fear
 A - 6 scrolls of enchant weapon
 J - a scroll of brand weapon
Potions
 d - a potion of might
 e - a potion of invisibility
 f - 4 potions of heal wounds {@q2}
 g - 2 potions of haste {@q3}
 h - 7 potions of magic
 i - 3 potions of mutation {!q}
 k - 7 potions of curing {@q1}
 t - a potion of stabbing
 u - a potion of resistance
 w - 2 potions of brilliance
 L - a potion of flight
Miscellaneous
 H - the horn of Geryon
   (You took it off Geryon in the Dungeon)
 P - a condenser vane (2/2)
   (You found it in the Dungeon)


   Skills:
 O Level 27 Fighting
 O Level 27 Long Blades
 + Level 8.7 Throwing
 O Level 27 Armour
 O Level 27 Dodging
 O Level 27 Stealth
 O Level 27 Shields
 + Level 10.2 Unarmed Combat
 O Level 27 Spellcasting
 O Level 27 Invocations
 O Level 27 Evocations


You had 76 spell levels left.
You didn't know any spells.
Your spell library was empty.

Dungeon Overview and Level Annotations

Branches:
Dungeon (1/1)

Altars:
Cheibriados
Dithmenos
Elyvilon
Fedhas
Gozag
Hepliaklqana
Kikubaaqudgha
Makhleb
Nemelex Xobeh
Okawaru
Qazlal
Ru
Sif Muna
Trog
Uskayaw
Vehumet
Wu Jian
Xom
Yredelemnul
Zin
The Shining One
Beogh
Jiyva
Lugonu

Shops:
D ::=(

Annotations:
D 1 exclusion, Ereshkigal


Message History

The bolt of negative energy hits you but does no damage.
You resist.
You slice Ereshkigal!! You slash Ereshkigal!
Ereshkigal gestures.
You completely miss Ereshkigal. You miss Ereshkigal.
You block Ereshkigal's attack.
You barely miss Ereshkigal.
Your hearing returns.
You block Ereshkigal's attack.
You completely miss Ereshkigal. You completely miss Ereshkigal.
Ereshkigal hits you but does no damage.
You slash Ereshkigal!
Your extra speed is starting to run out.
You slice Ereshkigal!! Ereshkigal hits you!
* * * LOW HITPOINT WARNING * * *
You open Ereshkigal like a pillowcase!!!
You barely miss Ereshkigal. You block Ereshkigal's attack.
You completely miss Ereshkigal.
The tormentor calls on the powers of darkness!
Your body is wracked with pain!
* * * LOW HITPOINT WARNING * * *
Ereshkigal gestures.
Ereshkigal's surroundings become eerily quiet.
You slice Ereshkigal!!
The Tzitzimitl calls on the powers of darkness!
Your body is wracked with pain!
* * * LOW HITPOINT WARNING * * *
You miss Ereshkigal.
Ereshkigal gestures.
Ereshkigal is healed.
Unknown command.
You completely miss Ereshkigal. You closely miss Ereshkigal.
Ereshkigal hits you but does no damage.
You slice Ereshkigal like a ripe choko!!!
Unknown command.
You completely miss Ereshkigal.
The tormentor calls on the powers of darkness!
Your body is wracked with pain!
* * * LOW HITPOINT WARNING * * *
Ereshkigal hits you!
* * * LOW HITPOINT WARNING * * *
You miss Ereshkigal.
You are no longer berserk.
You pass out from exhaustion.
You feel yourself slow down. Ereshkigal hits you!
* * * LOW HITPOINT WARNING * * *
Ereshkigal hits you!
You die...

▓▓▓▓▓▓▓▓▓▓▓▓▓▓▓▓▓▓▓▓
......&....&.......▓
▓▓▓▓▓▓▓▓▓▓▓▓▓▓▓▓▓▓.▓
................@&1▓
▓▓▓▓▓▓▓▓▓▓▓▓▓▓▓▓▓▓▓▓
..........≈.≈≈≈....▓
▓▓▓▓▓▓▓▓▓▓▓▓▓▓▓▓▓▓.▓
...................▓
♣♣♣♣▓▓▓▓▓▓▓▓▓▓▓▓▓▓▓▓
.))).).)..[..))..).▓
♣♣♣♣▓▓▓▓▓▓▓▓▓▓▓▓▓▓.▓
...................▓


You could see Ereshkigal (silencing) and a Tzitzimitl (summoned).

Vanquished Creatures
  Cerebov (D)
  Asmodeus (D)
  the Royal Jelly (D)
  Lom Lobon (D)
  2 orbs of fire (D)
  Mara (D)
  6 ancient liches (D)
  Mennas (D)
  Sojobo (D)
  6 greater mummies (D)
  3 Killer Klowns (D)
  Margery (D)
  Xtahua (D)
  Nikola (D)
  Geryon (D)
  6 golden dragons (D)
  A bone dragon (D)
  3 electric golems (D)
  4 deep elf blademasters (D)
  2 tentacled monstrosities (D)
  26 Orb Guardians (D)
  9 acid blobs (D)
  3 deep elf master archers (D)
  A lich (D)
  12 sphinxes (D)
  Gastronok (D)
  A death cob (D)
  2 draconian monks (D)
  A thorn hunter (D)
  7 shadow dragons (D)
  2 tengu reavers (D)
  3 storm dragons (D)
  Ilsuiw (D)
  An azure jelly (D)
  A fire giant (D)
  3 vault wardens (D)
  5 nagarajas (D)
  3 frost giants (D)
  A deep elf sorcerer (D)
  2 ghost moths (D)
  4 draconian scorchers (D)
  9 emperor scorpions (D)
  2 draconian shifters (D)
  Aizul (D)
  5 draconian annihilators (D)
  A draconian stormcaller (D)
  4 ironheart preservers (D)
  4 very ugly things (D)
  4 green draconians (D)
  4 stone giants (D)
  11 vampire knights (D)
  3 red draconians (D)
  A deep elf demonologist (D)
  6 purple draconians (D)
  2 black draconians (D)
  2 deep elf annihilators (D)
  A yellow draconian (D)
  A white draconian (D)
  3 ettins (D)
  4 fire dragons (D)
  2 yaktaur captains (D)
  4 merfolk javelineers (D)
  5 mummy priests (D)
  6 death oozes (D)
  A crystal guardian (D)
  3 merfolk impalers (D)
  2 deep elf death magi (D)
  5 great orbs of eyes (D)
  A deep elf high priest (D)
  3 rakshasas (D)
  6 hydras (D)
  A shambling mangrove (D)
  Harold (D)
  2 ice dragons (D)
  A ghost crab (D)
  A centaur warrior (D)
  5 naga warriors (D)
  2 death knights (D)
  25 vault guards (D)
  Erica (D)
  An ogre mage (D)
  2 anacondas (D)
  A merfolk avatar (D)
  2 merfolk aquamancers (D)
  An alligator (D)
  6 orc high priests (D)
  A thrashing horror (D)
  A shock serpent (D)
  A deep troll earth mage (D)
  A large abomination (D)
  3 small abominations (D)
  4 hell knights (D)
  2 spriggan berserkers (D)
  A deep elf knight (D)
  A wretched star (D)
  2 sea snakes (D)
  A shadow wraith (D)
  A skeletal warrior (D)
  2 unseen horrors (D)
  7 swamp dragons (D)
  2 deep elf archers (D)
  4 glowing orange brains (D)
  A spriggan druid (D)
  An ironbrand convoker (D)
  2 necromancers (D)
  4 orc sorcerers (D)
  A cyclops (D)
  8 orc knights (D)
  A manticore (D)
  An ugly thing (D)
  2 wolf spiders (D)
  2 orb spiders (shapeshifter) (D)
  2 merfolk sirens (D)
  13 moths of wrath (D)
  A black mamba (D)
  A smoke demon (D)
  A vault sentinel (D)
  2 naga magi (D)
  4 guardian serpents (D)
  2 cane toads (D)
  3 yaktaurs (D)
  An efreet (D)
  2 demonic crawlers (D)
  A rime drake (D)
  5 freezing wraiths (D)
  A tyrant leech (D)
  A wandering mushroom (D)
  17 guardian mummies (D)
  4 polar bears (D)
  A troll (D)
  2 jumping spiders (D)
  A hornet (D)
  3 merfolk (D)
  A slime creature (D)
  2 snapping turtles (D)
  A bog body (D)
  11 spriggans (D)
  A shadow (D)
  3 redbacks (D)
  A tarantella (shapeshifter) (D)
  A ynoxinul (D)
  3 yaks (D)
  Grum (D)
  Eustachio (D)
  2 basilisks (D)
  2 golden eyes (D)
  A naga (D)
  A naga (shapeshifter) (D)
  2 water moccasins (D)
  2 floating eyes (D)
  A hell hound (D)
  2 porcupines (D)
  13 orc warriors (D)
  2 swamp drakes (D)
  4 black bears (D)
  An ogre (D)
  4 wolves (D)
  A centaur (D)
  2 crocodiles (D)
  A big kobold (D)
  4 bullfrogs (D)
  A scorpion (D)
  A jelly (D)
  3 orc priests (D)
  An iron imp (D)
  3 orc wizards (D)
  An adder (D)
  A shadow imp (D)
  A white imp (D)
  An adder zombie (D)
  2 adder skeletons (D)
  A leopard gecko (D)
  10 orcs (D)
  2 goblins (D)
  A hobgoblin (D)
  A frilled lizard (D)
  A kobold (D)
  A rat (D)
519 creatures vanquished.

Vanquished Creatures (others)
  A naga (D)
1 creature vanquished.

Grand Total: 520 creatures vanquished

Notes
Turn   | Place    | Note
-------+----------+-------------------------------------------
     0 | D        | Apogee the Hill Orc Fighter began the quest for the Orb.
     0 | D        | Reached XP level 1. HP: 19/19 MP: 1/1
   114 | D        | Reached XP level 2. HP: 20/28 MP: 2/2
   139 | D        | Reached XP level 3. HP: 15/35 MP: 3/3
   146 | D        | Reached skill level 5 in Fighting
   309 | D        | Found a roughly hewn altar of Beogh.
   309 | D        | Found a snail-covered altar of Cheibriados.
   309 | D        | Found a shadowy altar of Dithmenos.
   309 | D        | Found a white marble altar of Elyvilon.
   309 | D        | Found a blossoming altar of Fedhas.
   309 | D        | Found an opulent altar of Gozag.
   310 | D        | Found a hazy altar of Hepliaklqana.
   311 | D        | Found a viscous altar of Jiyva.
   312 | D        | Found an ancient bone altar of Kikubaaqudgha.
   313 | D        | Found a corrupted altar of Lugonu.
   314 | D        | Found a burning altar of Makhleb.
   315 | D        | Found a sparkling altar of Nemelex Xobeh.
   316 | D        | Found an iron altar of Okawaru.
   317 | D        | Found a stormy altar of Qazlal.
   318 | D        | Found a sacrificial altar of Ru.
   319 | D        | Found a shimmering blue altar of Sif Muna.
   320 | D        | Found a bloodstained altar of Trog.
   321 | D        | Found a hide-covered altar of Uskayaw.
   322 | D        | Found a radiant altar of Vehumet.
   323 | D        | Found an ornate altar of the Wu Jian Council.
   324 | D        | Found a shimmering altar of Xom.
   325 | D        | Became a worshipper of Qazlal Stormbringer
   326 | D        | Found a basalt altar of Yredelemnul.
   327 | D        | Found a glowing silver altar of Zin.
   328 | D        | Found a glowing golden altar of the Shining One.
   379 | D        | Noticed a scorpion
   390 | D        | Killed a scorpion
   390 | D        | Reached skill level 5 in Armour
   390 | D        | Reached skill level 5 in Shields
   390 | D        | Reached XP level 4. HP: 42/44 MP: 4/4
   393 | D        | Reached * piety under Qazlal
   393 | D        | Reached skill level 5 in Long Blades
   414 | D        | Killed an unseen horror
   414 | D        | Reached skill level 10 in Fighting
   414 | D        | Reached XP level 5. HP: 58/58 MP: 5/5
   414 | D        | Reached XP level 6. HP: 66/66 MP: 6/6
   414 | D        | Reached XP level 7. HP: 72/72 MP: 7/7
   417 | D        | Reached ** piety under Qazlal
   515 | D        | Noticed a skeletal warrior
   515 | D        | Noticed a centaur warrior
   531 | D        | Killed a centaur warrior
   531 | D        | Reached skill level 10 in Long Blades
   531 | D        | Reached skill level 10 in Armour
   531 | D        | Reached skill level 10 in Shields
   531 | D        | Reached XP level 8. HP: 43/82 MP: 8/8
   533 | D        | Reached *** piety under Qazlal
   534 | D        | Killed a skeletal warrior
   534 | D        | Reached XP level 9. HP: 49/91 MP: 9/9
   798 | D        | Got the +2 mace of the Pits of Slime {flame, rElec rPois
                  | Dex-4}
   812 | D        | Noticed a cane toad
   823 | D        | Reached skill level 1 in Invocations
   824 | D        | Reached **** piety under Qazlal
   830 | D        | Noticed a rime drake
   834 | D        | Killed a cane toad
   839 | D        | Reached ***** piety under Qazlal
   842 | D        | Killed a rime drake
   842 | D        | Reached skill level 5 in Invocations
   858 | D        | Reached XP level 10. HP: 88/101 MP: 12/14
   913 | D        | Noticed a cane toad
   952 | D        | Killed a cane toad
  1113 | D        | Reached ****** piety under Qazlal
  1125 | D        | Reached skill level 10 in Invocations
  1200 | D        | Noticed Erica
  1227 | D        | Killed Erica
  1404 | D        | Noticed an orc high priest
  1407 | D        | Killed an orc high priest
  1407 | D        | Reached XP level 11. HP: 111/111 MP: 19/19
  1484 | D        | Noticed an orc high priest
  1484 | D        | Noticed an orc knight
  1490 | D        | Killed an orc knight
  1495 | D        | Killed an orc high priest
  1495 | D        | Reached skill level 15 in Fighting
  1495 | D        | Noticed an orc knight
  1518 | D        | Killed an orc knight
  1553 | D        | Found Rusaas Xiott's Antique Weapon Boutique.
  1553 | D        | Noticed an orc sorcerer
  1553 | D        | Noticed an orc high priest
  1553 | D        | Noticed an orc high priest
  1553 | D        | Noticed an orc high priest
  1553 | D        | Noticed an orc knight
  1554 | D        | Killed an orc high priest
  1554 | D        | Killed an orc sorcerer
  1554 | D        | Killed an orc high priest
  1554 | D        | Killed an orc high priest
  1554 | D        | Reached skill level 15 in Invocations
  1554 | D        | Killed an orc sorcerer
  1556 | D        | Killed an orc knight
  1558 | D        | Found Hejounum's Jewellery Shop.
  1559 | D        | Noticed an orc knight
  1560 | D        | Found Poqegh's Book Boutique.
  1560 | D        | Noticed an orc sorcerer
  1564 | D        | Noticed an orc sorcerer
  1565 | D        | Found Asaureob's Book Shop.
  1566 | D        | Killed an orc sorcerer
  1566 | D        | Reached skill level 15 in Armour
  1566 | D        | Reached skill level 15 in Shields
  1566 | D        | Killed an orc sorcerer
  1566 | D        | Reached XP level 12. HP: 119/119 MP: 16/24
  1569 | D        | Noticed an orc high priest
  1579 | D        | Killed an orc high priest
  1752 | D        | Noticed Eustachio
  1760 | D        | Killed Eustachio
  1781 | D        | Noticed Grum
  1797 | D        | Killed Grum
  1816 | D        | Noticed Harold
  1823 | D        | Killed Harold
  1914 | D        | Got the cursed +1 great sword of the Gnat {pain, rN+}
  1927 | D        | Got the +0 leather armour of an ice cave {MR+ Int+3 Dex-4}
  1967 | D        | Noticed a five-headed hydra
  1970 | D        | Killed a five-headed hydra
  1974 | D        | Noticed a great orb of eyes
  1975 | D        | Noticed an ettin
  1976 | D        | Noticed a rakshasa
  1981 | D        | Killed a rakshasa
  1981 | D        | Noticed a fire dragon
  1985 | D        | Killed a great orb of eyes
  1991 | D        | Killed an ettin
  1997 | D        | Noticed a frost giant
  1998 | D        | Noticed a stone giant
  2003 | D        | Killed a fire dragon
  2006 | D        | Killed a frost giant
  2017 | D        | Killed a stone giant
  2017 | D        | Reached XP level 13. HP: 66/126 MP: 7/28
  2227 | D        | Noticed Gastronok
  2243 | D        | Killed Gastronok
  2270 | D        | Noticed Aizul
  2286 | D        | Killed Aizul
  2704 | D        | Noticed a nagaraja
  2729 | D        | Killed a nagaraja
  2732 | D        | Reached skill level 5 in Dodging
  3013 | D        | Noticed an emperor scorpion
  3014 | D        | Noticed an emperor scorpion
  3016 | D        | Killed an emperor scorpion
  3030 | D        | Killed an emperor scorpion
  3142 | D        | Noticed a thorn hunter
  3143 | D        | Killed a thorn hunter
  3143 | D        | Reached XP level 14. HP: 140/140 MP: 29/31
  3391 | D        | Reached skill level 27 in Invocations
  3524 | D        | Noticed a white very ugly thing
  3534 | D        | Killed a white very ugly thing
  3538 | D        | Killed a vampire knight
  3557 | D        | Noticed a purple very ugly thing
  3560 | D        | Noticed a purple very ugly thing
  3563 | D        | Noticed a vampire knight
  3567 | D        | Reached skill level 10 in Dodging
  3572 | D        | Paralysed by something for 4 turns
  3578 | D        | Killed a cyan very ugly thing
  3645 | D        | Killed a green very ugly thing
  3661 | D        | Killed a vampire knight
  3826 | D        | Noticed a vault warden
  3828 | D        | Killed a vault warden
  3833 | D        | Reached XP level 15. HP: 156/156 MP: 25/32
  3863 | D        | Noticed a fire giant
  3864 | D        | Noticed a vault warden
  3866 | D        | Killed a vault warden
  3873 | D        | Killed a fire giant
  3903 | D        | Noticed a vault warden
  3925 | D        | Killed a vault warden
  4869 | D        | Noticed an emperor scorpion
  4897 | D        | Killed an emperor scorpion
  4898 | D        | Bought a steaming demon blade for 440 gold pieces
  4898 | D        | Identified the +0 demon blade of Irritation {drain, rN++
                  | Stlth-} (You bought it in a shop in the Dungeon)
  5724 | D        | Got a decaying rune of Zot
  5731 | D        | Noticed a nagaraja
  5731 | D        | Noticed a nagaraja
  5731 | D        | Noticed a nagaraja
  5735 | D        | Noticed a nagaraja
  5747 | D        | Killed a nagaraja
  5757 | D        | Killed a nagaraja
  5766 | D        | Killed a nagaraja
  5770 | D        | Killed a nagaraja
  6082 | D        | Got a serpentine rune of Zot
  6089 | D        | Noticed Ilsuiw
  6089 | D        | Reached skill level 15 in Dodging
  6104 | D        | Reached XP level 16. HP: 174/174 MP: 23/33
  6120 | D        | Killed Ilsuiw
  6239 | D        | Got a barnacled rune of Zot
  6746 | D        | Got a gossamer rune of Zot
  7261 | D        | Noticed a shadow dragon
  7278 | D        | Reached skill level 27 in Fighting
  7278 | D        | Reached XP level 17. HP: 151/191 MP: 34/34
  7455 | D        | Noticed a golden dragon
  7466 | D        | Killed a golden dragon
  7466 | D        | Reached skill level 27 in Armour
  7490 | D        | Got a silver rune of Zot
  7601 | D        | Noticed Mara
  7604 | D        | Noticed Apogee's illusion
  7605 | D        | Killed Mara
  7677 | D        | Noticed Nikola
  7679 | D        | Killed Nikola
  7755 | D        | Got the ring of the Suburbs {rPois MR+}
  7757 | D        | Got the ring "Cezi" {rElec rF+ Str-5 Int+3 Slay+2}
  7759 | D        | Got the ring "Vuqemowo" {*Slow rN+++ MR+ Dex+5 SInv}
  7761 | D        | Got the ring of Lust {+Inv Str-4 Dex+8 Slay-3 Stlth-}
  7763 | D        | Got the amulet "Kiut" {Faith +Inv rElec rF- Dex+5}
  7792 | D        | Got the +4 plate armour "Zitaurgh" {Harm rPois Int+2
                  | Stlth+}
  7798 | D        | Got the +2 acid dragon scales of Day {-Cast *Slow +Fly
                  | rCorr Int+6}
  7852 | D        | Noticed Margery
  7858 | D        | Killed Margery
  7892 | D        | Noticed Mennas
  7894 | D        | Killed Mennas
  8006 | D        | Noticed Xtahua
  8018 | D        | Killed Xtahua
  8029 | D        | Noticed Sojobo
  8030 | D        | Reached XP level 18. HP: 166/200 MP: 35/35
  8031 | D        | Killed Sojobo
  8031 | D        | Reached skill level 15 in Evocations
  8231 | D        | Noticed a golden dragon
  8231 | D        | Noticed a bone dragon
  8240 | D        | Killed a golden dragon
  8267 | D        | Killed a bone dragon
  8505 | D        | Noticed a golden dragon
  8506 | D        | Killed a golden dragon
  8545 | D        | Noticed a tentacled monstrosity
  8574 | D        | Killed a tentacled monstrosity
  8673 | D        | Noticed a tentacled monstrosity
  8674 | D        | Killed a tentacled monstrosity
  8674 | D        | Reached XP level 19. HP: 207/207 MP: 36/36
  8725 | D        | Reached skill level 27 in Dodging
  8726 | D        | Noticed a golden dragon
  8733 | D        | Killed a golden dragon
  9011 | D        | Reached skill level 27 in Evocations
  9054 | D        | Reached skill level 15 in Long Blades
  9141 | D        | Noticed an ancient lich
  9149 | D        | Killed an ancient lich
  9152 | D        | Noticed an orb of fire
  9178 | D        | Killed an orb of fire
  9404 | D        | Noticed an electric golem
  9421 | D        | Killed an electric golem
  9421 | D        | Reached XP level 20. HP: 125/216 MP: 37/37
  9622 | D        | Noticed an ancient lich
  9622 | D        | Noticed an ancient lich
  9622 | D        | Noticed a golden dragon
  9622 | D        | Noticed an electric golem
  9622 | D        | Noticed an ancient lich
  9623 | D        | Killed an ancient lich
  9623 | D        | Killed a golden dragon
  9623 | D        | Noticed an orb of fire
  9625 | D        | Killed an ancient lich
  9625 | D        | Killed an orb of fire
  9625 | D        | Killed an electric golem
  9632 | D        | Killed an ancient lich
  9632 | D        | Noticed a Killer Klown
  9633 | D        | Noticed a Killer Klown
  9634 | D        | Noticed a golden dragon
  9638 | D        | Killed a Killer Klown
  9638 | D        | Noticed an electric golem
  9640 | D        | Killed a golden dragon
  9645 | D        | Killed an electric golem
  9650 | D        | Killed a Killer Klown
  9667 | D        | Noticed a Killer Klown
  9679 | D        | Killed a Killer Klown
  9771 | D        | Reached skill level 27 in Shields
  9771 | D        | Reached skill level 27 in Long Blades
  9771 | D        | Reached skill level 1 in Spellcasting
  9784 | D        | Reached skill level 10 in Spellcasting
  9812 | D        | Reached XP level 21. HP: 213/224 MP: 36/38
  9921 | D        | Noticed an ancient lich
  9926 | D        | Reached skill level 15 in Spellcasting
  9928 | D        | Killed an ancient lich
  9960 | D        | Noticed an ancient lich
  9975 | D        | Killed an ancient lich
 10413 | D        | Got an elven rune of Zot
 10434 | D        | Noticed the Royal Jelly
 10436 | D        | Killed the Royal Jelly
 10525 | D        | Reached XP level 22. HP: 182/232 MP: 29/51
 10916 | D        | Got a slimy rune of Zot
 11008 | D        | Reached skill level 27 in Spellcasting
 11008 | D        | Reached skill level 1 in Stealth
 11030 | D        | Reached skill level 10 in Stealth
 11839 | D        | Noticed a greater mummy
 11839 | D        | Noticed a greater mummy
 11839 | D        | Noticed a greater mummy
 11841 | D        | Killed a greater mummy
 11841 | D        | Killed a greater mummy
 11841 | D        | Killed a greater mummy
 11908 | D        | Noticed a greater mummy
 11917 | D        | Killed a greater mummy
 11994 | D        | Noticed a greater mummy
 12384 | D        | Noticed a greater mummy
 12395 | D        | Killed a greater mummy
 12808 | D        | Killed a greater mummy
 12869 | D        | Got a golden rune of Zot
 12883 | D        | Got an abyssal rune of Zot
 13039 | D        | Noticed Geryon
 13084 | D        | Killed Geryon
 13087 | D        | Identified the +7 sceptre of Asmodeus
 13087 | D        | Noticed Asmodeus
 13087 | D        | Noticed Lom Lobon
 13087 | D        | Identified the +6 sword of Cerebov {flame}
 13087 | D        | Noticed Cerebov
 13090 | D        | Killed Lom Lobon
 13107 | D        | Killed Asmodeus
 13107 | D        | Reached XP level 23. HP: 106/239 MP: 17/54
 13326 | D        | Killed Cerebov
 13326 | D        | Reached skill level 27 in Stealth
 13326 | D        | Reached skill level 10 in Unarmed Combat
 13445 | D        | Noticed Ereshkigal
 13526 | D        | HP: 4/240 [Ereshkigal (10)]
 13526 | D        | Mangled by Ereshkigal

Illustrated notes

Levels and vault maps discovered:
D:        linesprint [early_d, line_temple, items_1, d_10, items_2, lair_1,
          lair_end, items_3, orc_1, orc_end, items_4, d_15, swamp_1, shoals_1,
          snake_1, spider_1, d_20, vaults_1, items_5, swamp_end, shoals_end,
          snake_end, spider_end, vaults_end, d_27, items_6, zot_1, zot_end,
          crypt_end, forest_end, elf_end, slime_end, tomb_end, abyss_end,
          pan_hell_end]

Skill      XL: |  1  2  3  4  5  6  7  8  9 10 11 12 13 14 15 16 17 18 19 20 21 22 23 |
---------------+----------------------------------------------------------------------+-----
Fighting       | 4 6 10 11 12 13 14 15 17 20 23 27 | 27.0
Long Blades    | 3 4 8 10 11 12 13 14 20 27 | 27.0
Armour         | 4 5 9 10 11 12 13 15 16 19 22 25 27 | 27.0
Shields        | 4 5 9 10 11 12 13 15 21 27 | 27.0
Invocations    | 5 11 16 23 26 27 | 27.0
Dodging        | 6 11 15 18 23 26 27 | 27.0
Evocations     | 14 22 27 | 27.0
Spellcasting   | 12 25 27 | 27.0
Stealth        | 26 27 | 27.0
Throwing       | 8 |  8.7
Unarmed Combat | 10 | 10.2

Action                   |  1- 3 |  4- 6 |  7- 9 | 10-12 | 13-15 | 16-18 | 19-21 | 22-24 || total
-------------------------+-------+-------+-------+-------+-------+-------+-------+-------++-------
Melee: Long sword        |    57 |       |       |       |       |       |       |       ||    57
       Scimitar          |    10 |    21 |    52 |   221 |   239 |       |       |       ||   543
       Demon blade       |       |       |       |       |    88 |   539 |   433 |   250 ||  1310
Invok: Disaster Area     |       |       |       |    10 |    20 |    19 |    20 |    13 ||    82
       Upheaval          |       |       |       |     4 |    12 |    21 |     9 |     9 ||    55
Evoke: Wand              |       |       |     5 |     1 |     4 |       |       |       ||    10
       Condenser vane    |       |       |       |       |       |     1 |     2 |       ||     3
  Use: Potion            |     1 |     2 |       |       |     5 |     2 |     2 |    14 ||    26
       Scroll            |       |       |       |       |     2 |     4 |       |     3 ||     9
Armor: Scale mail        |    28 |       |       |       |       |       |       |       ||    28
       Plate armour      |     6 |    26 |     8 |    47 |    74 |    57 |       |       ||   218
       Gold dragon scale |       |       |       |       |       |    17 |    50 |    20 ||    87
Dodge: Dodged            |    15 |       |     4 |    16 |    56 |    75 |    74 |    37 ||   277
       Repelled          |       |       |     1 |       |     4 |     5 |     6 |     1 ||    17
Block: Kite shield       |    27 |     4 |    23 |   147 |   219 |   242 |   307 |   156 ||  1125
       Reflection        |       |       |       |       |       |       |    10 |     1 ||    11
       Rpst.: Long sword |     4 |       |       |       |       |       |       |       ||     4
       Scimitar          |     1 |       |     2 |     4 |     7 |       |       |       ||    14
       Demon blade       |       |       |       |       |     3 |    14 |    17 |     8 ||    42

Table legend: (Time is in decaauts) A = Elapsed time spent in this place. B = Non-inter-level travel time spent in this place. C = Inter-level travel time spent in this place. D = Time resting spent in this place. E = Time spent auto-exploring this place. F = Levels seen in this place. G = Mean time per level. A B C D E F G +--------+--------+--------+--------+--------+-----+--------+ Total | 12869 | 12284 | 585 | 5624 | 3637 | 1 | 12869.0 | Dungeon | 12869 | 12284 | 585 | 5624 | 3637 | 1 | 12869.0 | +--------+--------+--------+--------+--------+-----+--------+

Top non-repeatable levels by time:
       D: 12869 daAuts
